 Dungeon Crawl Stone Soup version 0.28-a0-793-g31680bbd8b (webtiles) character file.

Game seed: 18110790505605995979

65895 Twinkles the Basher (level 15, -1/124 HPs)
             Began as a Human Berserker on Nov 3, 2021.
             Was a Priest of Trog.
             Shot with an arrow by a centaur warrior (18 damage)
             ... on level 13 of the Dungeon on Nov 4, 2021.
             The game lasted 02:03:53 (31740 turns).

Twinkles the Basher (Human Berserker)              Turns: 31740, Time: 02:03:54

Health: -1/124     AC: 22    Str: 27    XL:     15   Next: 60%
Magic:  0/15       EV: 11    Int:  8    God:    Trog [***...]
Gold:   1316       SH: 13    Dex: 15    Spells: 14/14 levels left

rFire   . . .      SeeInvis .   a - +3 whip (freeze)
rCold   + . .      Faith    .   z - +1 kite shield {rC+}
rNeg    . . .      Spirit   +   H - +0 plate armour
rPois   .          Reflect  .   f - +1 hat {Will+}
rElec   .          Harm     .   h - +0 cloak
rCorr   .          Rampage  .   m - +0 pair of gloves
Will    ++...                   l - +1 pair of boots
Stlth   ..........              v - amulet of guardian spirit
HPRegen 0.30/turn               k - +6 ring of strength
MPRegen 0.14/turn               S - +4 ring of slaying

@: on berserk cooldown, slowed, very slow
A: no striking features
a: Renounce Religion, Berserk, Trog's Hand


You were on level 13 of the Dungeon.
You worshipped Trog.
Trog was most pleased with you.
You visited 2 branches of the dungeon, and saw 19 of its levels.
You also visited: Sewer.

You collected 1316 gold pieces.

Inventory:

Hand Weapons
 a - a +3 whip of freezing (weapon)
 b - a +0 fustibalus
 t - a +2 hunting sling of freezing
Missiles
 n - 2 curare-tipped darts
 o - 58 poisoned darts
 s - 2 throwing nets
 x - 82 sling bullets
Armour
 f - a +1 hat of willpower (worn)
 h - a +0 cloak (worn)
 l - a +1 pair of boots (worn)
 m - a +0 pair of gloves (worn)
 z - a +1 kite shield of cold resistance (worn)
 H - a +0 plate armour (worn)
 W - a +0 helmet
Jewellery
 k - a +6 ring of strength (left hand)
 r - a ring of see invisible
 v - an amulet of guardian spirit (around neck)
 w - a ring of positive energy
 S - a +4 ring of slaying (right hand)
 T - a ring of protection from fire
Wands
 d - a wand of digging (9)
 e - a wand of charming (8)
 i - a wand of iceblast (24)
 j - a wand of polymorph (24)
 p - a wand of paralysis (20)
 q - a wand of flame (30)
 y - a wand of mindburst (19)
Scrolls
 c - 2 scrolls of enchant armour
 g - 4 scrolls of enchant weapon
 u - a scroll of acquirement
 B - a scroll of holy word {unknown}
 D - a scroll of blinking
 E - 4 scrolls of fear
 F - 5 scrolls of fog
 K - a scroll of silence {unknown}
 O - a scroll of brand weapon {unknown}
 V - a scroll of vulnerability
 X - 2 scrolls of magic mapping
 Y - 12 scrolls of teleportation
 Z - 4 scrolls of identify
Potions
 A - 4 potions of attraction
 C - 3 potions of cancellation
 G - 13 potions of ambrosia
 I - a potion of invisibility
 J - 3 potions of curing
 L - 2 potions of flight
 M - 3 potions of might
 N - 4 potions of heal wounds
 P - 4 potions of lignification
 Q - 2 potions of magic
 R - a potion of resistance
 U - 2 potions of mutation


   Skills:
 + Level 13.6 Fighting
 + Level 13.6 Maces & Flails
 - Level 3.9 Slings
 + Level 13.4 Armour
 - Level 8.8 Dodging
 + Level 10.3 Shields


You had 14 spell levels left.
You didn't know any spells.
Your spell library was empty.

Dungeon Overview and Level Annotations

Branches:
Dungeon (13/15) Temple (0/1) D:4 Lair (6/6) D:8 Swamp (0/4) Lair:3 Spider (0/4) Lair:2 Slime (0/5) Lair:5 Orc (0/2) D:12 Vaults (0/5) D:12 D:13 Sewer (visited)

Altars:
Ashenzari
Cheibriados
Elyvilon
Fedhas
Hepliaklqana
Kikubaaqudgha
Makhleb
Nemelex Xobeh
Okawaru
Ru
Sif Muna
Trog
Wu Jian
Xom
The Shining One
Beogh

Shops:
D:10 *

Annotations:
D:4 2 transporters, cheechan's ghost, amateur NaFi
D:7 3 runed translucent doors, SirDiesAlot's ghost, novice MiDe
D:9 exclusion: downstairs
D:10 2 transporters, jasper's ghost, journeyman DsCA
D:12 Nessos
D:13 Sonja; Urug
Lair:4 exclusion: oklob plant


Message History

You block the two-headed ogre's attack. The human hits you but does no damage.
You block the wraith's attack. The human hits you but does no damage.
The human completely misses you.
You whack the two-headed ogre! You freeze the two-headed ogre.
You kill the two-headed ogre!
Trog accepts your kill. The red ugly thing closely misses you.
You block the human's attack.
Found 17 arrows.
You block the human's attack. The human completely misses you.
Things that are here:
a +0 giant club; a +0 giant club; a two-headed ogre corpse You feel a strong urge to attack something.
The red ugly thing pecks you but does no damage.
You feel your anger nearly subside.
You are no longer berserk.
You are exhausted.
You feel yourself slow down.
Sonja says, "If only old Madame Brzewit could see me now!"
As you read the scroll of teleportation, it crumbles to dust.
You feel strangely unstable.
You feel the effects of Trog's Hand fading.
The human hits you but does no damage. x2
Sonja gestures wildly while chanting.
Sonja blinks!
You block the human's attack. The human barely misses you.
The boulder beetle curls into a ball and begins rolling!
You block the human's attack. x2
Your surroundings suddenly seem different.
A blink frog, a two-headed ogre and a cyclops come into view.
Found 2 grey potions and 19 gold pieces.
The cyclops shouts!
The blink frog croaks.
The blink frog changes into a fire bat!
The cyclops throws a large rock.
The large rock barely misses you.
A centaur warrior comes into view.
Your skin stops crawling.
You feel less strong-willed.
The centaur warrior shouts!
You block the fire bat's attack.
The centaur warrior wields a +0 longbow.
The centaur warrior shoots an arrow.
The arrow hits you!!
* * * LOW HITPOINT WARNING * * *
The centaur warrior shoots an arrow.
The arrow hits you!!
You die...

#.......#......
#...............
#...............
#...............
#...............
#...............
#......O........
#.......!......c
#.$...C.@.......
#......b.....#..
#....#..#...###.
##...###...#####
#### ..######
...#####
.#..###. ...#..


You could see a centaur warrior, a two-headed ogre, a cyclops and a fire bat
shaped shifter.

Vanquished Creatures
  Gastronok (D:10)
  3 boulder beetles
  Harold (D:10)
  10 hydras
  A catoblepas (Lair:6)
  3 two-headed ogres
  A deep troll shaman (Lair:6)
  15 death yaks
  2 tengu warriors (D:10)
  A deep elf knight (D:10)
  A wizard (D:10)
  Pikel (D:6)
  A lindwurm (Lair:6)
  2 orc knights
  A manticore (D:12)
  4 black mambas
  14 elephants
  Maurice (D:8)
  A torpor snail (Lair:6)
  12 cane toads
  An unseen horror (D:11)
  10 komodo dragons
  2 rime drakes
  A queen bee (Lair:1)
  2 trolls (D:12)
  3 polar bears
  Grinder (D:3)
  A hornet (D:8)
  2 tyrant leeches (Lair:3)
  19 blink frogs
  11 dream sheep
  A meliai zombie (D:11)
  A shadow (D:9)
  A redback (Lair:2)
  59 yaks
  A vampire (D:12)
  Eustachio (D:5)
  3 basilisks
  3 wyverns
  3 wraiths
  6 humans (D:12)
  Grum (Lair:1)
  2 steam dragons
  3 swamp worms (Lair:3)
  10 water moccasins
  2 acid dragons
  3 black bears
  3 orc warriors
  4 sky beasts
  A necrophage (D:6)
  19 wolves
  An ogre (D:4)
  A centaur (D:6)
  A phantom (D:5)
  5 kobold brigands
  2 wyvern zombies
  15 bullfrogs
  2 gnoll sergeants (D:12)
  A scorpion (D:6)
  24 killer bees
  4 electric eels
  2 centaur zombies
  4 hounds
  3 gnoll shamans
  2 centaur skeletons
  2 orc priests
  4 iguanas
  7 orc wizards
  A hound zombie (D:5)
  A mummy (D:7)
  3 howler monkey zombies
  21 gnolls
  9 adders
  A river rat (Sewer)
  A shadow imp (D:5)
  A white imp (D:7)
  2 ufetubi
  3 worms
  6 dart slugs
  23 orcs
  12 endoplasms
  4 giant cockroaches
  A hobgoblin (D:4)
  2 jackals (D:1)
  2 quokkas (D:3)
  6 ball pythons
  3 bats
  4 frilled lizards
  5 goblins
  18 kobolds
  3 rats
468 creatures vanquished.

Vanquished Creatures (others)
  2 kobolds (D:6)
  A bush (Lair:2)
  86 fungi
  130 plants
219 creatures vanquished.

Grand Total: 687 creatures vanquished

Notes
Turn   | Place    | Note
-------+----------+-------------------------------------------
     0 | D:1      | Twinkles the Human Berserker began the quest for the Orb.
     0 | D:1      | Reached XP level 1. HP: 18/18 MP: 1/1
   369 | D:1      | Reached XP level 2. HP: 17/24 MP: 2/2
  1085 | D:2      | Found a shimmering blue altar of Sif Muna.
  1095 | D:2      | Reached XP level 3. HP: 25/29 MP: 3/3
  1175 | D:2      | You fall into a shaft and drop 1 floor!
  1210 | D:3      | Found a hazy altar of Hepliaklqana.
  1393 | D:3      | Found an ornate altar of the Wu Jian Council.
  1412 | D:3      | Found a glowing drain.
  1430 | D:3      | Reached ** piety under Trog
  1484 | Sewer    | Entered a sewer
  1762 | Sewer    | Reached XP level 4. HP: 28/35 MP: 4/4
  2187 | Sewer    | Noticed a kobold brigand
  2209 | Sewer    | Noticed a kobold brigand
  2220 | Sewer    | Killed a kobold brigand
  2221 | Sewer    | Reached XP level 5. HP: 42/42 MP: 5/5
  2224 | Sewer    | Killed a kobold brigand
  2225 | Sewer    | Reached XP level 6. HP: 48/48 MP: 6/6
  2563 | D:3      | Noticed Grinder
  2596 | D:3      | Paralysed by Grinder for 2 turns
  2603 | D:3      | Paralysed by Grinder for 7 turns
  2620 | D:3      | Killed Grinder
  2621 | D:3      | Reached XP level 7. HP: 35/55 MP: 7/7
  2784 | D:2      | Upgraded the game from 0.28-a0-779-g3d1f99b579 to
                  | 0.28-a0-793-g31680bbd8b
  3812 | D:4      | Found a transporter.
  3849 | D:4      | Noticed cheechan's ghost (amateur NaFi)
  3857 | D:4      | Found a shimmering altar of Xom.
  4065 | D:4      | Found a transporter.
  4245 | D:4      | Found a staircase to the Ecumenical Temple.
  4387 | D:4      | Reached skill level 5 in Fighting
  4387 | D:4      | Reached skill level 5 in Maces & Flails
  4577 | D:4      | Reached XP level 8. HP: 53/62 MP: 8/8
  4932 | D:5      | Entered Level 5 of the Dungeon
  5257 | D:5      | Found a sparkling altar of Nemelex Xobeh.
  5281 | D:5      | Noticed Eustachio
  5304 | D:5      | HP: 18/62 [ufetubus[Eustachio] (4)]
  5470 | D:5      | Killed Eustachio
  5471 | D:5      | Reached skill level 5 in Dodging
  5668 | D:5      | Reached skill level 5 in Armour
  5955 | D:5      | Found an ancient bone altar of Kikubaaqudgha.
  6115 | D:6      | Found a blossoming altar of Fedhas.
  6279 | D:6      | Noticed Pikel
  6293 | D:6      | Killed Pikel
  6294 | D:6      | Reached XP level 9. HP: 71/71 MP: 9/9
  6391 | D:6      | Noticed a two-headed ogre
  6413 | D:6      | Killed a two-headed ogre
  6625 | D:6      | Found a glowing golden altar of the Shining One.
  6769 | D:6      | Reached XP level 10. HP: 70/79 MP: 10/10
  8211 | D:7      | Found a snail-covered altar of Cheibriados.
  8295 | D:7      | Found a runed translucent gate.
  8296 | D:7      | Found a runed translucent gate.
  8296 | D:7      | Noticed SirDiesAlot's ghost (novice MiDe)
  8297 | D:7      | Found a runed translucent gate.
  8464 | D:8      | Found a bloodstained altar of Trog.
  8536 | D:8      | Reached *** piety under Trog
  8735 | D:8      | Paralysed by a hornet for 2 turns
  8899 | D:8      | Found a staircase to the Lair.
  9098 | D:8      | Noticed Maurice
  9453 | D:8      | Identified a scroll of acquirement
 10284 | D:9      | Found an iron altar of Okawaru.
 11647 | D:9      | Identified the +1 short sword of Debt {flame, rPois Str+5
                  | Int+3 Dex-3}
 11947 | D:10     | Entered Level 10 of the Dungeon
 12046 | D:10     | Found a broken altar of Ashenzari.
 12046 | D:10     | Found a white marble altar of Elyvilon.
 12063 | D:10     | Found Tutz's Mayhem Merchandise.
 12076 | D:10     | Found a burning altar of Makhleb.
 12215 | D:9      | Reached XP level 11. HP: 87/87 MP: 11/11
 12631 | D:10     | Noticed Gastronok
 12810 | D:10     | Killed Gastronok
 13007 | D:10     | Noticed a moth of wrath
 13009 | D:10     | Noticed jasper's ghost (journeyman DsCA)
 13018 | D:10     | Found a transporter.
 13045 | D:10     | Found a transporter.
 13080 | D:10     | Noticed Harold
 13080 | D:10     | Noticed a deep elf knight
 13146 | D:10     | Noticed an orc knight
 13214 | D:8      | Killed Maurice
 13328 | Lair:1   | Entered Level 1 of the Lair of Beasts
 13746 | Lair:1   | Reached skill level 1 in Shields
 14647 | Lair:1   | Reached skill level 1 in Slings
 14666 | Lair:1   | Noticed Grum
 14671 | Lair:1   | Killed Grum
 15076 | Lair:1   | HP: 39/133 [killer bee (5)]
 15081 | Lair:1   | HP: 33/133 [poisoned by a killer bee]
 15085 | Lair:1   | Reached XP level 12. HP: 35/96 MP: 12/12
 15086 | Lair:1   | HP: 35/144 [poisoned by a killer bee]
 16291 | Lair:2   | Reached skill level 10 in Fighting
 16291 | Lair:2   | Reached skill level 10 in Maces & Flails
 16363 | Lair:2   | Reached **** piety under Trog
 16791 | Lair:2   | Noticed a six-headed hydra
 16813 | Lair:2   | Killed a six-headed hydra
 17199 | Lair:2   | Reached skill level 10 in Armour
 17392 | Lair:2   | Found a hole to the Spider Nest.
 18149 | Lair:3   | Noticed a four-headed hydra
 18167 | Lair:3   | Killed a four-headed hydra
 18168 | Lair:3   | Reached skill level 5 in Shields
 18320 | Lair:3   | Noticed a seven-headed hydra
 18330 | Lair:3   | HP: 37/147 [swamp worm (11)]
 18332 | Lair:3   | HP: 12/147 [seven-headed hydra (11)]
 18583 | Lair:3   | Killed a seven-headed hydra
 18584 | Lair:3   | Reached XP level 13. HP: 104/104 MP: 13/13
 19288 | Lair:3   | Noticed a five-headed hydra
 19288 | Lair:3   | Noticed an eight-headed hydra
 19297 | Lair:3   | Killed a five-headed hydra
 19304 | Lair:3   | Killed an eight-headed hydra
 19376 | Lair:3   | Found a staircase to the Swamp.
 20110 | Lair:4   | Found a sacrificial altar of Ru.
 20399 | Lair:4   | Noticed a six-headed hydra
 20416 | Lair:4   | Killed a six-headed hydra
 22133 | Lair:5   | You fall into a shaft and drop 1 floor!
 22133 | Lair:6   | Entered Level 6 of the Lair of Beasts
 22172 | Lair:6   | Noticed a five-headed hydra
 22190 | Lair:6   | Killed a five-headed hydra
 22276 | Lair:6   | Reached XP level 14. HP: 114/114 MP: 14/14
 23246 | Lair:6   | HP: 24/115 [death yak (16)]
 23253 | Lair:6   | HP: 29/115 [death yak (11)]
 23747 | Lair:5   | Found a staircase to the Slime Pits.
 26767 | Lair:6   | Reached XP level 15. HP: 118/122 MP: 13/15
 28350 | D:10     | Killed Harold
 29778 | D:12     | Reached skill level 10 in Shields
 30140 | D:12     | HP: 27/124 [boulder beetle (44)]
 30146 | D:12     | HP: 18/124 [boulder beetle (14)]
 31224 | D:12     | Found a staircase to the Orcish Mines.
 31346 | D:13     | Noticed Nessos
 31346 | D:13     | Noticed Urug
 31346 | D:13     | Found a gate to the Vaults.
 31371 | D:13     | Noticed Sonja
 31728 | D:13     | HP: 51/186 [red ugly thing (17)]
 31740 | D:13     | HP: 17/124 [centaur warrior/arrow (18)]
 31740 | D:13     | Shot with an arrow by a centaur warrior

Illustrated notes

Levels and vault maps discovered:
D:1:      heliophobic_arrival_glass_houses, layout_loops_ring
D:2:      layout_rooms, basic_altar
D:3:      layout_rooms, lemuel_doored_altar, nicolae_hepliaklqana_hippocampus,
          portal_sewer_entry_f, wander_ebering_terrifying_dragon_lair,
          uniq_grinder
D:4:      layout_loops_cross, mainiacjoe_overflow_24_doors,
          minmay_temple_entry_hall, gammafunk_ghost_stat_death
D:5:      layout_cave_pools, mainiacjoe_overflow_concentric_impassable,
          mainiacjoe_overflow_catwalk, uniq_eustachio
D:6:      layout_rooms, tso_oasis_becter, mainiacjoe_overflow_boulevard,
          uniq_pikel
D:7:      layout_loops_ring, chei_slow_surprise, biasface_ghost_orc_armoury
D:8:      layout_loops_corners, mainiacjoe_overflow_cross_hatched,
          lair_entry_dummy, supply_closet_lemuel, minivault_10,
          kennysheep_minor_cross, uniq_maurice
D:9:      layout_grid_maze, lemuel_round_altar
D:10:     layout_cave_pools, nicolae_overflow_hidden_temple,
          grunt_temple_overflow_open, gammafunk_ghost_berserking_beasts,
          minivault_1, minmay_shop_mayhem, sword_in_stone, uniq_harold,
          uniq_gastronok
D:11:     layout_gridville
D:12:     layout_cave_pools, orc_0_dummy, st_stairs_11
D:13:     layout_big_octagon, david_vaults_3, uniq_frances, uniq_sonja
Lair:1:   layout_loops_ring, infiniplex_staircase_pool_2, uniq_grum
Lair:2:   layout_gridlike, spider_nest_entry_rubble, special_room
          [special_room_bee], st_stairs_6, serial_bayou_lake_a
Lair:3:   layout_misc_corridors, palyth_hydra_swamp_entry, serial_bayou_pond_b
Lair:4:   layout_cave_pods, basic_altar, uniq_nessos
Lair:5:   layout_cave_pods, dpeg_slime_entry_corner, serial_bayou_pond_c,
          infiniplex_staircase_pool, serial_bayou_shore_a
Lair:6:   grunt_lair_end_beastmaster, layout_regular_city, st_stairs_7

Skill      XL: |  1  2  3  4  5  6  7  8  9 10 11 12 13 14 15 |
---------------+----------------------------------------------+-----
Armour         | 3 4 5 6 8 9 10 11 12 13 | 13.4
Dodging        | 3 4 6 8 |  8.8
Fighting       | 4 5 6 7 8 9 10 11 12 13 | 13.6
Maces & Flails | 4 5 6 7 8 9 10 11 13 | 13.6
Shields        | 2 5 7 9 10 | 10.3
Slings         | 2 3 |  3.9

Action                   |  1- 3 |  4- 6 |  7- 9 | 10-12 | 13-15 || total
-------------------------+-------+-------+-------+-------+-------++-------
Melee: Mace              |    99 |    76 |    97 |       |       ||   272
       Spear             |       |       |   174 |       |       ||   174
       Whip              |       |       |    73 |   893 |  1296 ||  2262
 Fire: Hunting sling     |       |       |       |    16 |       ||    16
       Fustibalus        |       |       |       |    21 |    89 ||   110
Throw: Dart              |       |       |       |       |     9 ||     9
Invok: Berserk           |       |     4 |    10 |    20 |    22 ||    56
       Trog's Hand       |       |     2 |     7 |    12 |    19 ||    40
Evoke: Wand              |       |       |       |       |     2 ||     2
  Use: Scroll            |     1 |       |     7 |    13 |     9 ||    30
       Potion            |       |       |       |     1 |     3 ||     4
 Stab: Sleeping          |     1 |       |       |       |       ||     1
       Distracted        |       |       |     1 |       |       ||     1
Armor: Animal skin       |    25 |    11 |     2 |       |       ||    38
       Ring mail         |       |       |   145 |    98 |       ||   243
       Plate armour      |       |       |       |   332 |   424 ||   756
Dodge: Dodged            |    60 |    32 |   269 |   384 |   326 ||  1071
Block: Kite shield       |       |       |       |   196 |   449 ||   645

Table legend: (Time is in decaauts)
 A = Elapsed time spent in this place.
 B = Non-inter-level travel time spent in this place.
 C = Inter-level travel time spent in this place.
 D = Time resting spent in this place.
 E = Time spent auto-exploring this place.
 F = Levels seen in this place.
 G = Mean time per level.
                   A        B        C        D        E       F      G
               +--------+--------+--------+--------+--------+-----+--------+
         Total |  31797 |  29248 |   2549 |   6508 |  17027 |  20 | 1589.8 |
       Dungeon |  16447 |  14480 |   1967 |   2268 |   9277 |  13 | 1265.2 |
          Lair |  14206 |  13624 |    582 |   3920 |   7155 |   6 | 2367.7 |
         Sewer |   1144 |   1144 |      0 |    319 |    594 |   1 | 1144.0 |
               +--------+--------+--------+--------+--------+-----+--------+

Top non-repeatable levels by time:
  Lair:6: 3571 daAuts
  Lair:1: 2813 daAuts
     D:9: 2412 daAuts
  Lair:2: 2129 daAuts
  Lair:5: 2121 daAuts
  Lair:4: 2082 daAuts
     D:8: 1809 daAuts
    D:12: 1570 daAuts
  Lair:3: 1487 daAuts
     D:6: 1449 daAuts
    D:10: 1363 daAuts
     D:4: 1353 daAuts
    D:11: 1293 daAuts
     D:7: 1250 daAuts
   Sewer: 1144 daAuts
